 Dungeon Crawl Stone Soup version 0.27-a0-1417-g4c841f6 (webtiles) character file.

Game seed: 5749135720702119547

42 Toastz the Cudgeller (level 3, 0/33 HPs)
             Began as a Minotaur Berserker on July 1, 2021.
             Was a Believer of Trog.
             Slain by a goblin (2 damage)
             ... led by Robin
             ... on level 2 of the Dungeon.
             The game lasted 00:02:39 (1456 turns).

Toastz the Cudgeller (Minotaur Berserker)           Turns: 1456, Time: 00:02:40

Health: 0/33       AC:  4    Str: 22    XL:     3   Next: 35%
Magic:  11/11      EV: 12    Int:  4    God:    Trog [**....]
Gold:   39         SH:  0    Dex: 15    Spells: 2/2 levels left

rFire    . . .     SeeInvis .   a - +0 mace
rCold    . . .     Faith    .   (no shield)
rNeg     . . .     Spirit   .   b - +0 animal skin
rPois    .         Reflect  .   (helmet restricted)
rElec    .         Harm     .   (no cloak)
rCorr    .         Rampage  .   i - +1 pair of gloves
Will     .....                  (no boots)
Stlth    +.........             (no amulet)
HPRegen  0.11/turn              f - ring of magical power
MPRegen  0.12/turn              k - +6 ring of dexterity

@: on berserk cooldown, slowed, very slow
A: horns 2, retaliatory headbutt
a: Renounce Religion, Berserk, Trog's Hand


You were on level 2 of the Dungeon.
You worshipped Trog.
Trog was pleased with you.
You visited 1 branch of the dungeon, and saw 2 of its levels.

You collected 39 gold pieces.

Inventory:

Hand Weapons
 a - a +0 mace (weapon)
Missiles
 e - 9 poisoned darts (quivered)
Armour
 b - a +0 animal skin (worn)
 i - a +1 pair of gloves (worn)
Jewellery
 f - a ring of magical power (left hand)
 k - a +6 ring of dexterity (right hand)
Scrolls
 c - a scroll of noise {unknown}
 d - 3 scrolls of identify {unknown}
 g - a scroll of vulnerability {unknown}
 h - a scroll of summoning {unknown}
 j - a scroll of fog {unknown}


   Skills:
 + Level 4.2 Fighting
 * Level 4.9 Maces & Flails
 - Level 2.4 Armour
 - Level 2.1 Dodging


You had 2 spell levels left.
You didn't know any spells.
Your spell library was empty.

Dungeon Overview and Level Annotations

Branches:
Dungeon (2/15)

Altars:

Annotations:
D:2 Robin


Innate Abilities, Weirdness & Mutations

You have a pair of horns on your head.
You reflexively headbutt those who attack you in melee.


Message History

The adder bites you.
A goblin comes into view. It is wielding a +0 club.
The adder bites you.
You are poisoned.
The adder poisons you!
The goblin moves out of view.
You closely miss the adder. You headbutt the adder.
You kill the adder!
Trog accepts your kill.
You feel sick.
A goblin comes into view. It is wielding a +0 club.
You feel sick.
A goblin comes into view. It is wielding a +0 club.
You see here a +0 club.
You feel sick.
The goblin shouts!
You hear a shout! x3
Robin of the Strong Arm comes into view.
They are wielding a +1 spear of distortion.
The goblin unwields a +0 dagger.
The goblin wields a +0 hunting sling.
The goblin shoots a stone.
The stone hits you.
You hear a shout!
You feel sick.
You are no longer poisoned.
Robin shouts!
The goblin unwields a +0 hunting sling.
The goblin wields a +0 dagger.
The goblin barely misses you. Robin throws the goblin at you!
The goblin hits you with a +0 club.
You hit the goblin but do no damage. The goblin hits you but does no damage.
Robin completely misses you. The goblin barely misses you.
Robin roars a battlecry!
The goblins go into a battle-frenzy!
The goblin closely misses you. The goblin hits you with a +0 club.
The goblin hits you with a +0 club. Robin throws the goblin at you!
The goblin hits you but does no damage. The goblin hits you with a +0 club.
* * * LOW HITPOINT WARNING * * *
Robin throws the goblin at you! The goblin hits you with a +0 club.
* * * LOW HITPOINT WARNING * * *
You see here a +0 club.
The goblin barely misses you. You furiously retaliate!
You headbutt the goblin. The goblin hits you with a +0 club.
You die...

#### ...
###############.#
#............@gg#
#.############gg#
#.# #g.# #.# #..#
#.# #...........
#.#
#.....g.......#
#.#
#.##...########
#.# .##### #.#
#.#


You could see 5 goblins.

Vanquished Creatures
  An adder (D:2)
  A bat (D:1)
  3 endoplasms (D:1)
  9 goblins
  4 hobgoblins
  2 jackals (D:1)
  A quokka (D:1)
  2 ball pythons
  3 frilled lizards
  A kobold (D:1)
  2 rats (D:2)
29 creatures vanquished.

Notes
Turn   | Place    | Note
-------+----------+-------------------------------------------
     0 | D:1      | Toastz the Minotaur Berserker began the quest for the Orb.
     0 | D:1      | Reached XP level 1. HP: 19/19 MP: 0/0
   494 | D:1      | Reached XP level 2. HP: 27/27 MP: 1/1
  1426 | D:2      | Reached ** piety under Trog
  1429 | D:2      | Reached XP level 3. HP: 33/33 MP: 2/2
  1451 | D:2      | Noticed Robin
  1456 | D:2      | Slain by a goblin

Illustrated notes

Levels and vault maps discovered:
D:1:      scummos_arrival_star, layout_loops_corners, glass_columns_c
D:2:      minmay_door_path, layout_loops_ring, item_on_display_a, uniq_robin

Skill      XL: |  1  2 |
---------------+-------+-----
Maces & Flails | 4 |  4.9
Fighting       | 4 |  4.2
Armour         | |  2.4
Dodging        | |  2.1

Action                   || total
-------------------------++-------
Melee: Mace              ||    49
       Headbutt          ||     9
Throw: Dart              ||    11
Invok: Berserk           ||     1
 Stab: Sleeping          ||     1
Armor: Animal skin       ||    16
Dodge: Dodged            ||    30

Table legend: (Time is in decaauts)
 A = Elapsed time spent in this place.
 B = Non-inter-level travel time spent in this place.
 C = Inter-level travel time spent in this place.
 D = Time resting spent in this place.
 E = Time spent auto-exploring this place.
 F = Levels seen in this place.
 G = Mean time per level.
                   A        B        C        D        E       F      G
               +--------+--------+--------+--------+--------+-----+--------+
         Total |   1469 |   1381 |     88 |     13 |   1220 |   2 |  734.5 |
       Dungeon |   1469 |   1381 |     88 |     13 |   1220 |   2 |  734.5 |
               +--------+--------+--------+--------+--------+-----+--------+

Top non-repeatable levels by time:
     D:1: 1241 daAuts
     D:2: 227 daAuts
